Map: Eternal Empire LE

Players

Reynor

  • Race: Zerg Zerg
  • League: Master
  • Spawn Location: 1:00

HeroMarine - Winner!

  • Race: Terran Terran
  • League: Master
  • Spawn Location: 7:00

Event: Shopify TSL 5

VOD

Have the link to the VOD?

Description

Time

  • Played on: May 17, 2020, 2:42 p.m.
  • Length: 12:29

All games in this series

Show
View Real Time Build Order
Export as new Build Order

Reynor Zerg 

Build Orders: Hatch First, Muta Ling Bane 

Get SALT Encoding   

  12  0:01  Drone  
  13  0:13  Overlord  
  13  0:17  Drone  
  14  0:31  Drone x2  
  16  0:49  Hatchery  
  15  0:52  Drone  
  15  0:55  Drone  
  17  0:58  Drone  
  18  1:09  Extractor  
  17  1:14  Spawning Pool  
  17  1:17  Drone  
  17  1:20  Drone  
  18  1:28  Drone  
  19  1:39  Drone  
  20  1:49  Overlord  
  20  2:01  Queen x2, Zergling x2  
  22  2:02  Zergling x2  
  26  2:12  Drone x2  
  26  2:14  Metabolic Boost  
  28  2:22  Drone x2  
  30  2:35  Drone x2  
  30  2:36  Queen  
  33  2:40  Queen  
  35  2:45  Overlord  
  35  2:48  Drone  
  36  3:04  Drone x2  
  38  3:06  Zergling x4  
  38  3:10  Overlord  
  38  3:13  Drone  
  38  3:14  Lair  
  38  3:15  Drone  
  38  3:17  Drone  
  38  3:18  Drone  
  42  3:20  Drone  
  42  3:22  Extractor  
  42  3:25  Drone  
  42  3:26  Drone  
  44  3:29  Drone  
  45  3:35  Drone  
  46  3:43  Drone  
  46  3:44  Drone  
  46  3:46  Zergling x4  
  46  3:47  Overlord  
  50  3:48  Drone  
  50  3:49  Drone  
  50  3:54  Overlord  
  52  4:05  Drone x3  
  52  4:09  Hatchery  
  53  4:12  Extractor  
  53  4:13  Extractor  
  53  4:15  Zergling x4  
  53  4:20  Spire  
  53  4:22  Drone  
  51  4:25  Drone  
  51  4:28  Drone  
  53  4:34  Drone x3  
  53  4:36  Drone  
  53  4:37  Overseer  
  57  4:43  Drone x3  
  60  4:50  Overlord  
  60  4:54  Drone  
  60  4:57  Drone  
  60  4:58  Baneling Nest  
  60  4:59  Drone  
  62  5:02  Drone  
  62  5:04  Drone x3  
  66  5:08  Drone x2  
  68  5:16  Overlord  
  68  5:32  Mutalisk x6  
  68  5:34  Zergling x6  
  83  5:37  Zergling x6  
  86  5:43  Mutalisk  
  86  5:44  Overlord  
  86  5:47  Mutalisk  
  90  5:54  Extractor x2, Drone  
  90  5:56  Drone  
  89  6:01  Centrifical Hooks  
  89  6:03  Hatchery  
  88  6:04  Drone x3  
  88  6:10  Mutalisk  
  93  6:11  Overlord  
  93  6:15  Zergling x8  
  93  6:16  Drone  
  98  6:21  Evolution Chamber  
  98  6:22  Evolution Chamber, Drone  
  97  6:28  Overlord  
  97  6:33  Drone x3  
  97  6:38  Drone x4  
  104  6:40  Drone x2  
  104  6:41  Overlord  
  104  6:46  Zerg Flyer Weapons Level 1  
  106  6:49  Zerg Ground Armor Level 1  
  106  6:50  Zerg Melee Weapons Level 1  
  106  6:57  Drone  
  106  6:59  Drone x6  
  106  7:01  Overseer  
  113  7:03  Drone  
  113  7:05  Drone x4  
  113  7:06  Baneling x2  
  118  7:11  Overlord  
  118  7:15  Mutalisk x3  
  118  7:17  Mutalisk  
  118  7:21  Drone x2  
  127  7:25  Baneling x9  
  127  7:28  Baneling x3  
  127  7:29  Baneling x2  
  127  7:31  Baneling x3  
  127  7:32  Zergling x6  
  127  7:34  Overlord  
  127  7:36  Zergling x4  
  132  7:37  Baneling x3  
  132  7:38  Baneling  
  130  7:45  Queen, Baneling x2  
  130  7:47  Zergling x10  
  136  7:52  Overlord  
  136  7:56  Drone  
  136  7:58  Mutalisk x3  
  133  8:00  Zergling x10  
  144  8:07  Overlord  
  144  8:09  Drone  
  144  8:10  Drone x2  
  143  8:21  Zergling x18  
  143  8:26  Baneling x7  
  151  8:32  Zergling x16, Hatchery  
  142  8:41  Baneling x10  
  139  8:44  Zergling x4  
  139  8:45  Zergling x2  
  139  8:46  Zerg Ground Armor Level 2  
  141  8:48  Baneling x4  
  141  8:53  Baneling x5  
  134  9:01  Overlord  
  115  9:07  Zergling x6  
  115  9:09  Drone  
  105  9:14  Drone x4  
  104  9:19  Overlord  
  104  9:23  Zergling x18  
  113  9:27  Baneling x4  
  113  9:28  Baneling x2  
  113  9:31  Baneling x2  
  113  9:32  Baneling x3  
  113  9:35  Zerg Melee Weapons Level 2  
  113  9:37  Drone x2  
  115  9:43  Baneling x10  
  115  9:45  Drone  
  116  9:46  Drone  
  116  9:47  Drone  
  116  9:52  Drone  
  119  9:53  Drone x3  
  119  9:58  Mutalisk x2  
  122  10:00  Queen  
  122  10:02  Overseer  
  122  10:03  Zergling x4  
  126  10:07  Zergling x2  
  126  10:09  Overlord  
  126  10:10  Overlord  
  127  10:19  Mutalisk  
  127  10:21  Hatchery  
  127  10:25  Drone  
  127  10:27  Baneling x6  
  127  10:28  Zergling x16  
  135  10:35  Zergling x6  
  138  10:37  Pneumatized Carapace  
  138  10:41  Zergling x10  
  143  10:42  Overlord  
  143  10:48  Zergling x2  
  143  10:49  Zergling x6  
  144  10:52  Queen  
  133  10:58  Zergling x2, Baneling x9  
  133  10:59  Zergling x6  
  133  11:00  Zergling x2  
  135  11:04  Mutalisk x2  
  135  11:06  Zergling x2  
  135  11:09  Baneling  
  135  11:10  Baneling x8  
  135  11:11  Zergling x6  
  142  11:17  Zergling x12  
  137  11:21  Zergling x6  
  137  11:23  Baneling  
  132  11:31  Zergling x2  
  132  11:32  Zergling x6  
  125  11:33  Baneling  
  125  11:34  Baneling x3  
  125  11:36  Baneling x5  
  125  11:37  Zergling x12  
  126  11:43  Baneling x9  
  126  11:45  Zergling x4  
  127  11:47  Baneling x2  
  127  11:52  Baneling x2  
  127  11:54  Zergling x6  
  129  11:56  Baneling x4  
  129  12:00  Zergling x8  
  123  12:04  Zergling x4  
  116  12:09  Zergling x14  
  116  12:10  Zergling x2  
  116  12:11  Zergling x2  
Show
View Real Time Build Order
Export as new Build Order

HeroMarine Terran - Winner!

Build Orders: Reaper Expand 

Get SALT Encoding   

  12  0:00  SCV  
  13  0:12  SCV  
  14  0:17  Supply Depot  
  14  0:25  SCV  
  15  0:38  SCV  
  15  0:40  Barracks  
  16  0:44  Refinery  
  16  0:50  SCV  
  17  1:03  SCV  
  18  1:15  SCV  
  19  1:27  Orbital Command, Reaper  
  20  1:40  Command Center  
  20  1:50  Supply Depot  
  20  1:53  SCV  
  21  1:59  Reaper  
  22  2:05  SCV  
  23  2:11  Bunker  
  23  2:17  SCV  
  23  2:20  Factory  
  24  2:29  SCV  
  25  2:40  Barracks Reactor  
  25  2:41  SCV  
  26  2:50  Command Center  
  26  2:53  SCV  
  27  2:59  Orbital Command  
  27  3:05  SCV  
  28  3:17  SCV  
  29  3:22  Hellion x2  
  29  3:23  Barracks Tech Lab  
  29  3:25  SCV, Refinery  
  34  3:29  SCV  
  35  3:41  SCV x2  
  36  3:43  Hellion x2  
  36  3:45  Marine  
  36  3:46  Stimpack  
  42  3:53  SCV  
  42  3:54  SCV  
  44  4:05  SCV  
  44  4:06  SCV  
  44  4:08  Orbital Command  
  44  4:09  Barracks  
  46  4:12  Barracks  
  46  4:13  Factory Reactor  
  46  4:17  SCV  
  46  4:18  SCV  
  46  4:27  Marine  
  46  4:29  SCV, Engineering Bay  
  46  4:30  SCV, Engineering Bay  
  45  4:34  SCV  
  45  4:35  Refinery  
  46  4:41  SCV  
  46  4:42  SCV  
  46  4:45  Marine  
  49  4:46  SCV  
  49  4:48  Supply Depot  
  49  4:50  Starport  
  50  4:53  SCV  
  50  4:54  SCV  
  50  4:55  Terran Infantry Armor Level 1, Terran Infantry Weapons Level 1  
  50  4:56  Factory Reactor  
  50  4:58  SCV  
  53  5:04  Marine x2  
  53  5:05  SCV  
  53  5:06  Barracks, Marine x3  
  53  5:07  Barracks, SCV  
  59  5:13  Supply Depot  
  60  5:16  Supply Depot  
  60  5:17  SCV  
  60  5:19  SCV  
  60  5:20  Supply Depot  
  62  5:22  Marine x2  
  62  5:23  Marine  
  62  5:24  Marine x2  
  62  5:25  Supply Depot  
  62  5:27  Orbital Command  
  67  5:28  Combat Shield  
  67  5:30  SCV  
  67  5:31  SCV  
  69  5:35  Missile Turret  
  69  5:40  Factory Reactor  
  69  5:42  Medivac x2  
  69  5:43  Missile Turret  
  69  5:44  SCV x2  
  69  5:47  Marine x3  
  78  5:56  SCV, Missile Turret, Barracks Reactor  
  79  5:57  Missile Turret, Barracks Reactor  
  79  6:02  SCV x2  
  81  6:08  SCV  
  81  6:09  Refinery  
  81  6:10  Supply Depot  
  82  6:11  Supply Depot  
  82  6:14  SCV x2, Marine x3  
  86  6:19  Marine x2  
  86  6:20  SCV  
  86  6:24  Widow Mine x2  
  93  6:26  SCV x2  
  93  6:29  Supply Depot  
  93  6:30  Supply Depot  
  92  6:34  Armory, Marine x3  
  92  6:36  Marine x3  
  92  6:37  Marine  
  92  6:39  Marine  
  102  6:40  Marine  
  102  6:44  Medivac x2  
  102  6:45  Supply Depot  
  104  6:50  Widow Mine x2  
  104  6:52  Marine x3  
  111  6:57  Marine, Supply Depot  
  111  6:58  Marine x5  
  117  7:07  Missile Turret, SCV x2  
  117  7:08  Supply Depot  
  119  7:10  Marine x3  
  119  7:14  Refinery  
  122  7:15  Marine  
  122  7:21  Widow Mine x2  
  127  7:23  Terran Infantry Weapons Level 2  
  127  7:24  Marine  
  127  7:25  Marine x4  
  127  7:26  Medivac x2  
  127  7:27  Marine  
  127  7:28  Marine x2  
  139  7:34  Marine, Supply Depot  
  139  7:35  Supply Depot  
  140  7:40  Factory  
  140  7:42  Marine x4  
  144  7:49  Marine x2  
  144  7:50  Marine, Widow Mine  
  149  7:55  Marine  
  149  7:56  Widow Mine, Supply Depot  
  152  8:00  Marine x2  
  152  8:01  Marine  
  155  8:06  Terran Vehicle And Ship Armor Level 1, Supply Depot x2  
  155  8:08  Supply Depot  
  155  8:11  Marine  
  155  8:12  Marine  
  157  8:13  Terran Infantry Armor Level 2  
  157  8:17  Marine x4  
  157  8:18  Marine, Widow Mine  
  164  8:20  Medivac  
  164  8:23  Medivac  
  168  8:32  Marine  
  141  8:34  Marine  
  141  8:35  Marine x6  
  141  8:36  Marine  
  145  8:41  Widow Mine x2  
  143  8:50  Marine  
  143  8:52  Marine x2  
  143  8:53  Marine x5  
  143  8:55  SCV x2  
  153  8:57  SCV  
  153  8:58  Marine  
  142  9:03  Medivac  
  142  9:07  Marine  
  131  9:10  Marine x7  
  131  9:16  Marine  
  127  9:21  Widow Mine x2, Factory Tech Lab  
  127  9:23  Medivac  
  128  9:25  Marine  
  128  9:28  Marine x2  
  128  9:29  Marine x3  
  128  9:31  Marine x2  
  134  9:33  Medivac  
  134  9:34  Marine  
  134  9:35  Missile Turret  
  139  9:41  Drilling Claws  
  139  9:43  Thor  
  139  9:44  Widow Mine  
  147  9:46  Widow Mine  
  147  9:47  Marine x3  
  147  9:50  Marine x2  
  150  9:53  Marine, Medivac  
  150  9:58  Marine  
  152  10:05  Widow Mine  
  154  10:07  Widow Mine  
  154  10:11  Marine x2  
  154  10:12  Marine  
  154  10:13  Marine  
  154  10:14  Marine x4  
  159  10:16  Marine  
  164  10:26  Widow Mine  
  164  10:27  Widow Mine  
  168  10:29  Marine x3  
  168  10:30  Medivac x2  
  168  10:31  Marine  
  168  10:32  Marine x4, Widow Mine  
  168  10:34  Marine  
  183  10:47  Marine x3, Widow Mine  
  183  10:49  Marine  
  189  10:52  Marine x3  
  189  10:53  Marine x2  
  166  11:05  Marine x3  
  166  11:06  Widow Mine, Medivac  
  166  11:07  Marine, Widow Mine  
  166  11:09  Medivac  
  166  11:10  Marine x3, Widow Mine  
  166  11:11  Marine x2  
  179  11:22  Marine  
  179  11:23  Marine x2  
  179  11:25  Marine  
  177  11:28  Marine x3  
  177  11:29  Marine x2  
  155  11:40  Marine x2  
  155  11:41  Marine, Command Center, Thor  
  155  11:43  Marine  
  155  11:44  Widow Mine x2  
  155  11:46  Marine, Medivac  
  172  11:50  Marine x2  
  172  11:51  Marine x2  
  172  11:58  Marine  
  172  11:59  Marine  
  172  12:00  Marine x2  
  164  12:04  Marine  
  164  12:06  Widow Mine x2  
  164  12:08  Marine x2  
  155  12:09  Marine  
Tags
 
Add a new tag
Caveats
  • Supply blocks, unpowered buildings, or Contaminate may cause inaccurate times.
  • Supply counts are checked every 10 seconds.